General information
- name: BNet
- type: Ladder team game (AT/RT)
- host: Battle.net
- saver: KODOS_FORSAKEN
map: Cherryville
- players: 8
- length: 31:14
- speed: Fast
- version: 1.23 W3XP
- replay type: Public
» download(351 KB)
Players
team 1 (loser)
niGhT_blOoDy (
orange | 186 APM | 5804 actions | 31:09)
5 Death Knight
3 Death Coil
2 Unholy Aura
3 Lich
2 Frost Nova
1 Dark Ritual
4 Dreadlord
2 Sleep
2 Vampiric Aura
» actions
| Assign group hotkey | 112 | |
| Basic commands | 346 | |
| Build / train | 86 | |
| ESC pressed | 5 | |
| Enter build submenu | 31 | |
| Enter hero's abilities submenu | 12 | |
| Give item / drop item | 7 | |
| Remove unit from queue | 2 | |
| Right click | 1798 | |
| Select / deselect | 911 | |
| Select group hotkey | 2337 | |
| Use ability | 157 | |
5804 total
» units
| Acolyte | 8 | |
| Ghoul | 3 | |
| Crypt Fiend | 10 | |
| Frost Wyrm | 10 | |
31 total
» upgrades
| Cannibalize | 0 | |
| Creature Attack | 3 | |
| Ghoul Frenzy | 1 | |
| Web | 1 | |
| Creature Carapace | 2 | |
7 total
» buildings
| Crypt | 1 | |
| Graveyard | 1 | |
| Altar of Darkness | 2 | |
| Ziggurat | 9 | |
| Tomb of Relics | 3 | |
| Halls of the Dead | 1 | |
| Necropolis | 1 | |
| Nerubian Tower | 1 | |
| Black Citadel | 1 | |
| Sacrificial Pit | 1 | |
| Boneyard | 5 | |
| Spirit Tower | 1 | |
27 total
» build order
00:06 Crypt
00:14 Graveyard
00:40 Altar of Darkness
00:57 Ziggurat
01:23 Tomb of Relics
02:00 Ziggurat
03:44 Halls of the Dead
04:03 Necropolis
04:30 Ziggurat
05:25 Nerubian Tower
06:06 Black Citadel
07:35 Sacrificial Pit
08:11 Ziggurat
08:36 Boneyard
09:01 Boneyard
09:03 Ziggurat
09:19 Ziggurat
11:02 Boneyard
11:32 Boneyard
11:40 Boneyard
12:31 Ziggurat
13:07 Ziggurat
13:31 Ziggurat
15:34 Tomb of Relics
21:01 Spirit Tower
21:26 Tomb of Relics
21:46 Altar of Darkness
» items
| Rod of Necromancy | 4 | |
| Dust of Appearance | 1 | |
| Potion of Mana | 2 | |
| Scroll of Town Portal | 9 | |
| Orb of Corruption | 1 | |
| Scroll of Protection | 2 | |
| Potion of Lesser Invulnerability | 2 | |
| Scroll of Healing | 2 | |
23 total
RoCcoNaCHOviDaL (
red | 102 APM | 3181 actions | 31:12)
6 Death Knight
2 Death Coil
3 Unholy Aura
1 Animate Dead
4 Lich
1 Dark Ritual
2 Frost Nova
1 Frost Armor
» actions
| Assign group hotkey | 28 | |
| Basic commands | 408 | |
| Build / train | 106 | |
| ESC pressed | 1 | |
| Enter build submenu | 17 | |
| Enter hero's abilities submenu | 12 | |
| Give item / drop item | 4 | |
| Right click | 702 | |
| Select / deselect | 813 | |
| Select group hotkey | 940 | |
| Use ability | 150 | |
3181 total
» units
| Acolyte | 5 | |
| Ghoul | 3 | |
| Crypt Fiend | 13 | |
| Frost Wyrm | 24 | |
45 total
» upgrades
| Creature Attack | 2 | |
| Creature Carapace | 3 | |
| Web | 1 | |
6 total
» buildings
| Graveyard | 1 | |
| Crypt | 1 | |
| Ziggurat | 8 | |
| Altar of Darkness | 1 | |
| Tomb of Relics | 1 | |
| Nerubian Tower | 5 | |
| Halls of the Dead | 3 | |
| Black Citadel | 3 | |
| Sacrificial Pit | 1 | |
| Boneyard | 3 | |
| Spirit Tower | 3 | |
30 total
» build order
00:13 Graveyard
00:16 Crypt
00:45 Ziggurat
00:59 Altar of Darkness
01:52 Ziggurat
02:03 Tomb of Relics
02:34 Nerubian Tower
02:34 Nerubian Tower
02:34 Nerubian Tower
04:11 Halls of the Dead
04:11 Halls of the Dead
04:29 Ziggurat
06:54 Black Citadel
06:55 Black Citadel
06:55 Black Citadel
07:32 Sacrificial Pit
09:19 Boneyard
09:21 Boneyard
09:51 Spirit Tower
09:51 Spirit Tower
11:05 Ziggurat
12:06 Boneyard
12:08 Ziggurat
12:26 Ziggurat
13:34 Ziggurat
16:19 Ziggurat
» items
| Rod of Necromancy | 6 | |
| Sacrificial Skull | 1 | |
| Potion of Healing | 1 | |
| Scroll of Town Portal | 10 | |
| Orb of Corruption | 1 | |
| Scroll of Healing | 3 | |
| Potion of Mana | 1 | |
| Scroll of Protection | 1 | |
| Potion of Lesser Invulnerability | 1 | |
25 total
tRuCcOs (
pink | 104 APM | 3235 actions | 31:04)
6 Blademaster
3 Wind Walk
2 Critical Strike
1 Bladestorm
» actions
| Assign group hotkey | 43 | |
| Basic commands | 137 | |
| Build / train | 72 | |
| ESC pressed | 5 | |
| Enter build submenu | 22 | |
| Enter hero's abilities submenu | 6 | |
| Give item / drop item | 1 | |
| Right click | 1145 | |
| Select / deselect | 305 | |
| Select group hotkey | 1347 | |
| Use ability | 152 | |
3235 total
» units
| Peon | 10 | |
| Troll Batrider | 21 | |
| Troll Witch Doctor | 4 | |
| Shaman | 3 | |
38 total
» upgrades
| Liquid Fire | 1 | |
| Ranged Weapons | 2 | |
| Reinforced Defenses | 1 | |
| Shaman Training | 2 | |
| Witch Doctor Training | 2 | |
8 total
» buildings
| Altar of Storms | 2 | |
| Orc Burrow | 4 | |
| Voodoo Lounge | 1 | |
| War Mill | 1 | |
| Stronghold | 1 | |
| Watch Tower | 6 | |
| Fortress | 1 | |
| Beastiary | 3 | |
| Spirit Lodge | 1 | |
| Great Hall | 1 | |
21 total
» build order
00:09 Altar of Storms
00:13 Altar of Storms
00:18 Orc Burrow
00:36 Voodoo Lounge
01:40 War Mill
02:13 Stronghold
02:53 Watch Tower
02:56 Watch Tower
03:06 Watch Tower
03:29 Watch Tower
03:59 Orc Burrow
04:14 Watch Tower
04:19 Watch Tower
05:41 Fortress
06:06 Beastiary
06:08 Beastiary
06:18 Beastiary
07:00 Orc Burrow
07:24 Spirit Lodge
19:10 Orc Burrow
31:03 Great Hall
» items
| Healing Salve | 4 | |
| Scroll of Speed | 2 | |
| Lesser Clarity Potion | 5 | |
| Staff of Teleportation | 1 | |
| Boots of Speed | 1 | |
| Orb of Lightning | 1 | |
| Scroll of Town Portal | 2 | |
16 total
Virus_Fox. (
purple | 127 APM | 3937 actions | 31:01)
4 Goblin Tinker
2 Pocket Factory
2 Engineering Upgrade
1 Lich
1 Frost Nova
» actions
| Assign group hotkey | 31 | |
| Basic commands | 65 | |
| Build / train | 246 | |
| ESC pressed | 30 | |
| Enter build submenu | 51 | |
| Enter hero's abilities submenu | 5 | |
| Give item / drop item | 3 | |
| Right click | 1129 | |
| Select / deselect | 577 | |
| Select group hotkey | 1637 | |
| Use ability | 163 | |
3937 total
» units
| Peasant | 74 | |
| Goblin Shredder | 8 | |
| Gryphon Rider | 11 | |
| Goblin Sapper | 6 | |
| Siege Engine | 20 | |
| Dragonhawk Rider | 4 | |
123 total
» upgrades
| Masonry | 3 | |
| Lumber Harvesting | 2 | |
| Gunpowder | 3 | |
| Plating | 3 | |
| Barrage | 1 | |
| Storm Hammers | 1 | |
13 total
» buildings
| Lumber Mill | 2 | |
| Farm | 10 | |
| Altar of Kings | 1 | |
| Scout Tower | 25 | |
| Arcane Tower | 5 | |
| Town Hall | 8 | |
| Guard Tower | 18 | |
| Keep | 4 | |
| Castle | 5 | |
| Blacksmith | 2 | |
| Gryphon Aviary | 2 | |
| Arcane Vault | 1 | |
| Workshop | 3 | |
86 total
» build order
00:12 Lumber Mill
00:20 Farm
00:53 Altar of Kings
01:07 Farm
01:19 Scout Tower
01:46 Arcane Tower
01:46 Arcane Tower
02:23 Farm
03:39 Town Hall
03:42 Scout Tower
03:43 Scout Tower
04:31 Arcane Tower
04:32 Arcane Tower
04:35 Guard Tower
04:35 Guard Tower
04:44 Scout Tower
04:58 Keep
04:58 Keep
04:58 Keep
04:58 Keep
05:02 Scout Tower
05:08 Scout Tower
05:26 Scout Tower
05:27 Guard Tower
05:27 Guard Tower
05:42 Guard Tower
05:42 Guard Tower
05:43 Scout Tower
05:44 Scout Tower
06:54 Guard Tower
07:22 Castle
07:22 Castle
07:22 Castle
07:23 Castle
08:05 Lumber Mill
08:07 Blacksmith
08:08 Blacksmith
08:10 Gryphon Aviary
08:10 Gryphon Aviary
08:41 Town Hall
08:42 Scout Tower
08:43 Scout Tower
08:43 Scout Tower
08:44 Scout Tower
08:45 Scout Tower
09:09 Scout Tower
09:20 Guard Tower
09:20 Guard Tower
09:20 Guard Tower
10:42 Farm
10:43 Farm
12:36 Arcane Vault
13:35 Workshop
13:35 Workshop
13:36 Workshop
14:19 Town Hall
15:39 Town Hall
15:41 Scout Tower
15:42 Scout Tower
15:42 Scout Tower
15:43 Scout Tower
15:43 Scout Tower
16:41 Farm
16:43 Farm
16:44 Farm
17:33 Farm
17:33 Farm
19:06 Town Hall
19:11 Scout Tower
19:12 Scout Tower
19:12 Scout Tower
19:13 Scout Tower
19:13 Scout Tower
20:02 Guard Tower
20:03 Guard Tower
20:03 Guard Tower
22:40 Town Hall
23:25 Town Hall
28:12 Town Hall
» items
| Healing Salve | 4 | |
| Lesser Clarity Potion | 10 | |
| Staff of Teleportation | 2 | |
| Scroll of Town Portal | 6 | |
| Potion of Lesser Invulnerability | 1 | |
| Scroll of Healing | 3 | |
| Scroll of Speed | 1 | |
27 total
team 2 (winner)

»
beginning (
green | 74 APM | 2309 actions | 31:13)
6 Tauren Chieftain
2 Endurance Aura
3 Shockwave
1 Reincarnation
4 Pandaren Brewmaster
2 Breath of Fire
1 Drunken Haze
1 Drunken Brawler
» actions
| Assign group hotkey | 45 | |
| Basic commands | 142 | |
| Build / train | 75 | |
| ESC pressed | 5 | |
| Enter build submenu | 35 | |
| Enter hero's abilities submenu | 10 | |
| Give item / drop item | 1 | |
| Right click | 786 | |
| Select / deselect | 500 | |
| Select group hotkey | 515 | |
| Use ability | 195 | |
2309 total
» units
| Peon | 10 | |
| Grunt | 8 | |
| Raider | 2 | |
| Troll Batrider | 20 | |
| Goblin Shredder | 1 | |
41 total
» upgrades
| Berserker Strength | 1 | |
| Ensnare | 1 | |
| Melee Weapons | 1 | |
| Reinforced Defenses | 1 | |
| Liquid Fire | 1 | |
| Ranged Weapons | 1 | |
6 total
» buildings
| Barracks | 1 | |
| Orc Burrow | 6 | |
| Altar of Storms | 1 | |
| Voodoo Lounge | 1 | |
| Stronghold | 1 | |
| War Mill | 1 | |
| Beastiary | 3 | |
| Fortress | 1 | |
| Watch Tower | 12 | |
| Great Hall | 1 | |
28 total
» build order
00:13 Barracks
00:20 Orc Burrow
00:36 Altar of Storms
01:32 Orc Burrow
01:54 Voodoo Lounge
03:03 Orc Burrow
03:59 Stronghold
04:44 War Mill
06:27 Beastiary
07:38 Orc Burrow
07:40 Fortress
08:39 Watch Tower
08:42 Watch Tower
08:49 Watch Tower
09:36 Beastiary
12:14 Watch Tower
12:14 Watch Tower
12:21 Watch Tower
13:07 Watch Tower
13:53 Watch Tower
14:55 Watch Tower
15:28 Beastiary
16:01 Watch Tower
16:13 Watch Tower
16:41 Orc Burrow
17:10 Watch Tower
22:42 Orc Burrow
23:25 Great Hall
» items
| Healing Salve | 4 | |
| Lesser Clarity Potion | 4 | |
| Tiny Great Hall | 1 | |
| Potion of Healing | 2 | |
| Orb of Lightning | 1 | |
| Scroll of Town Portal | 2 | |
14 total

»
KODOS_FORSAKEN (
teal | 126 APM | 3951 actions | 31:14)
6 Death Knight
3 Death Coil
3 Unholy Aura
4 Lich
2 Frost Nova
2 Frost Armor
4 Dreadlord
1 Sleep
2 Carrion Swarm
1 Vampiric Aura
» actions
| Assign group hotkey | 606 | |
| Basic commands | 2 | |
| Build / train | 82 | |
| Enter build submenu | 28 | |
| Enter hero's abilities submenu | 16 | |
| Give item / drop item | 5 | |
| Right click | 1248 | |
| Select / deselect | 698 | |
| Select group hotkey | 1120 | |
| Use ability | 146 | |
3951 total
» units
| Acolyte | 11 | |
| Ghoul | 4 | |
| Crypt Fiend | 6 | |
| Frost Wyrm | 4 | |
| Obsidian Statue | 1 | |
26 total
» upgrades
| Creature Attack | 3 | |
| Web | 1 | |
| Creature Carapace | 3 | |
| Destroyer Form | 1 | |
8 total
» buildings
| Graveyard | 1 | |
| Crypt | 1 | |
| Altar of Darkness | 1 | |
| Ziggurat | 12 | |
| Tomb of Relics | 2 | |
| Nerubian Tower | 2 | |
| Halls of the Dead | 1 | |
| Necropolis | 2 | |
| Spirit Tower | 7 | |
| Black Citadel | 1 | |
| Sacrificial Pit | 2 | |
| Boneyard | 3 | |
| Slaughterhouse | 1 | |
36 total
» build order
00:06 Graveyard
00:14 Crypt
00:46 Altar of Darkness
01:01 Ziggurat
01:32 Tomb of Relics
02:06 Ziggurat
02:48 Nerubian Tower
03:34 Ziggurat
05:12 Halls of the Dead
06:02 Necropolis
06:12 Ziggurat
06:30 Spirit Tower
06:57 Ziggurat
07:08 Nerubian Tower
07:30 Ziggurat
07:51 Spirit Tower
08:24 Black Citadel
09:10 Sacrificial Pit
09:18 Spirit Tower
10:14 Ziggurat
10:48 Ziggurat
10:50 Ziggurat
10:58 Boneyard
11:22 Spirit Tower
11:50 Spirit Tower
12:10 Sacrificial Pit
12:19 Spirit Tower
12:28 Ziggurat
12:34 Tomb of Relics
13:18 Boneyard
13:20 Boneyard
15:23 Slaughterhouse
19:33 Necropolis
20:54 Spirit Tower
20:57 Ziggurat
21:08 Ziggurat
» items
| Rod of Necromancy | 2 | |
| Sacrificial Skull | 1 | |
| Dust of Appearance | 1 | |
| Orb of Corruption | 1 | |
| Scroll of Town Portal | 4 | |
| Potion of Mana | 1 | |
| Potion of Lesser Invulnerability | 1 | |
| Potion of Healing | 1 | |
| Lesser Clarity Potion | 1 | |
| Scroll of Healing | 1 | |
14 total
llllllllllllllD (
yellow | 80 APM | 2486 actions | 31:13)
4 Death Knight
2 Death Coil
2 Unholy Aura
3 Lich
2 Frost Nova
1 Dark Ritual
» actions
| Assign group hotkey | 183 | |
| Basic commands | 155 | |
| Build / train | 52 | |
| ESC pressed | 2 | |
| Enter build submenu | 19 | |
| Enter hero's abilities submenu | 7 | |
| Give item / drop item | 2 | |
| Remove unit from queue | 1 | |
| Right click | 1255 | |
| Select / deselect | 194 | |
| Select group hotkey | 552 | |
| Use ability | 64 | |
2486 total
» units
| Acolyte | 4 | |
| Ghoul | 3 | |
| Crypt Fiend | 8 | |
| Frost Wyrm | 5 | |
20 total
» upgrades
| Web | 1 | |
| Creature Carapace | 3 | |
| Freezing Breath | 1 | |
| Creature Attack | 1 | |
6 total
» buildings
| Crypt | 1 | |
| Graveyard | 1 | |
| Ziggurat | 7 | |
| Altar of Darkness | 1 | |
| Tomb of Relics | 1 | |
| Nerubian Tower | 1 | |
| Halls of the Dead | 1 | |
| Black Citadel | 1 | |
| Sacrificial Pit | 1 | |
| Boneyard | 3 | |
| Spirit Tower | 2 | |
20 total
» build order
00:54 Crypt
01:02 Graveyard
01:24 Ziggurat
01:41 Altar of Darkness
02:20 Tomb of Relics
02:57 Ziggurat
04:10 Nerubian Tower
05:15 Halls of the Dead
06:32 Ziggurat
08:18 Black Citadel
08:49 Sacrificial Pit
08:53 Ziggurat
11:35 Boneyard
11:36 Boneyard
12:08 Boneyard
14:31 Ziggurat
14:32 Ziggurat
19:10 Ziggurat
21:00 Spirit Tower
23:33 Spirit Tower
» items
| Dust of Appearance | 1 | |
| Rod of Necromancy | 2 | |
| Scroll of Town Portal | 5 | |
| Orb of Corruption | 2 | |
| Potion of Healing | 1 | |
11 total
Rus[HACKTEAM]HH (
blue | 94 APM | 2926 actions | 31:13)
5 Archmage
3 Summon Water Elemental
2 Brilliance Aura
3 Mountain King
2 Storm Bolt
1 Bash
3 Paladin
2 Holy Light
1 Divine Shield
» actions
| Assign group hotkey | 89 | |
| Basic commands | 23 | |
| Build / train | 128 | |
| Enter build submenu | 43 | |
| Enter hero's abilities submenu | 11 | |
| Right click | 896 | |
| Select / deselect | 510 | |
| Select group hotkey | 1064 | |
| Use ability | 162 | |
2926 total
» units
| Peasant | 27 | |
| Footman | 14 | |
| Goblin Shredder | 1 | |
| Dragonhawk Rider | 10 | |
| Gryphon Rider | 10 | |
| Knight | 2 | |
64 total
» upgrades
| Defend | 1 | |
| Lumber Harvesting | 2 | |
| Swords | 2 | |
| Armor | 3 | |
| Animal War Training | 1 | |
| Masonry | 3 | |
| Cloud | 1 | |
| Storm Hammers | 1 | |
14 total
» buildings
| Altar of Kings | 1 | |
| Lumber Mill | 1 | |
| Farm | 11 | |
| Barracks | 1 | |
| Scout Tower | 19 | |
| Guard Tower | 19 | |
| Town Hall | 1 | |
| Arcane Tower | 1 | |
| Keep | 2 | |
| Blacksmith | 1 | |
| Castle | 1 | |
| Gryphon Aviary | 4 | |
| Arcane Vault | 1 | |
63 total
» build order
00:09 Altar of Kings
00:23 Lumber Mill
00:36 Farm
00:53 Barracks
01:18 Farm
01:53 Scout Tower
02:27 Guard Tower
02:51 Scout Tower
02:53 Farm
03:19 Guard Tower
03:57 Farm
04:02 Scout Tower
04:32 Guard Tower
05:21 Scout Tower
05:33 Guard Tower
05:36 Scout Tower
06:06 Guard Tower
07:29 Scout Tower
07:34 Town Hall
07:50 Scout Tower
08:05 Scout Tower
08:26 Arcane Tower
08:33 Farm
08:48 Keep
08:53 Scout Tower
09:25 Guard Tower
09:27 Scout Tower
09:37 Blacksmith
10:27 Guard Tower
10:40 Scout Tower
10:42 Scout Tower
10:49 Scout Tower
10:51 Scout Tower
11:10 Castle
11:12 Gryphon Aviary
11:18 Guard Tower
11:20 Guard Tower
11:39 Arcane Vault
11:48 Guard Tower
11:51 Gryphon Aviary
12:35 Farm
13:43 Gryphon Aviary
14:43 Scout Tower
14:44 Scout Tower
14:49 Gryphon Aviary
14:50 Farm
15:17 Guard Tower
15:18 Guard Tower
15:22 Scout Tower
15:33 Guard Tower
16:44 Guard Tower
16:45 Scout Tower
17:07 Farm
17:08 Farm
17:24 Guard Tower
19:06 Scout Tower
20:30 Guard Tower
23:24 Farm
24:05 Farm
28:48 Guard Tower
28:52 Guard Tower
28:53 Guard Tower
» items
| Ivory Tower | 6 | |
| Scroll of Town Portal | 3 | |
| Scroll of Regeneration | 2 | |
| Potion of Healing | 1 | |
| Scroll of Speed | 1 | |
13 total
Chat log
(00:10 / Allies) KODOS_FORSAKEN: this is going to be gay
(00:18 / Allies) Rus[HACKTEAM]HH: that rocco plays with HB
(00:21 / Allies) Rus[HACKTEAM]HH: never knew he hacked
(00:24 / All) tRuCcOs: sup GGL
(00:30 / All) Rus[HACKTEAM]HH: sup hackers
(00:34 / Allies) KODOS_FORSAKEN: the human is going to go tinkr
(00:36 / Allies) KODOS_FORSAKEN: tinker
(00:41 / Allies) KODOS_FORSAKEN: mass expos etc.
(00:41 / All) RoCcoNaCHOviDaL: hi steve gl
(00:42 / Allies) llllllllllllllD: shit
(00:42 / Allies) KODOS_FORSAKEN: feed the ud
(00:42 / Allies) Rus[HACKTEAM]HH: imba this time
(00:45 / Allies) Rus[HACKTEAM]HH: towers in your base
(00:51 / Allies) beginning: hm?
(00:54 / Allies) beginning: i'm orc dude
(00:56 / Allies) Rus[HACKTEAM]HH: yes
(00:58 / Allies) Rus[HACKTEAM]HH: exactly
(01:01 / Allies) Rus[HACKTEAM]HH: remember last time
(01:03 / Allies) Rus[HACKTEAM]HH: you were orc here
(01:05 / Allies) beginning: no
(01:09 / Allies) Rus[HACKTEAM]HH: you got owned
(01:11 / Allies) Rus[HACKTEAM]HH: by kotg hunt
(01:14 / Allies) Rus[HACKTEAM]HH: over and over
(01:20 / Allies) beginning: oh that game
(01:22 / Allies) KODOS_FORSAKEN: they going to mass bats and wyrms
(01:23 / Allies) KODOS_FORSAKEN: so
(01:25 / Allies) beginning: well i went blade then
(01:25 / Allies) KODOS_FORSAKEN: prepare
(01:27 / Allies) beginning: blade sucks
(01:28 / Allies) KODOS_FORSAKEN: we will need expos
(01:30 / Allies) llllllllllllllD: oh wtf
(01:33 / Allies) llllllllllllllD: we're fighting this faggots
(01:36 / Allies) llllllllllllllD: jesus christ
(01:44 / Allies) KODOS_FORSAKEN: why you pick ud lol
(01:44 / Allies) Rus[HACKTEAM]HH: why you going tc
(01:46 / Allies) Rus[HACKTEAM]HH: urgh -_-
(01:54 / Allies) llllllllllllllD: because i thought we were gonna have a fungame
(02:02 / Allies) KODOS_FORSAKEN: these noobs try hard
(02:05 / Allies) Rus[HACKTEAM]HH: did you not see the loading screen
(02:06 / Allies) beginning: blade is for giant faggots
(02:10 / Allies) llllllllllllllD: no i was taking a piss
(02:32 / Allies) llllllllllllllD: what races
(02:37 / Allies) llllllllllllllD: ud ud
(02:41 / Allies) llllllllllllllD: k
(02:41 / Allies) Rus[HACKTEAM]HH: hu ud orc ud
(02:51 / Allies) llllllllllllllD: yes virus does mh
(02:52 / Allies) llllllllllllllD: i think
(03:02 / Allies) Rus[HACKTEAM]HH: he is bad tho
(03:12 / Allies) llllllllllllllD: good at massing wrms ><
(03:16 / Allies) KODOS_FORSAKEN: hes hu
(03:41 / All) tRuCcOs: all acos ?
(03:45 / Allies) beginning: get a frost tower you newb
(03:59 / Allies) KODOS_FORSAKEN: we need expos ill take corner
(04:32 / All) llllllllllllllD: dirty poor rats
(04:43 / Allies) KODOS_FORSAKEN: he a;readty expoed
(04:47 / Allies) Rus[HACKTEAM]HH: come
(04:48 / Allies) Rus[HACKTEAM]HH: expo
(06:01 / Allies) Rus[HACKTEAM]HH: thank god we have a tc to help us
(06:04 / All) RoCcoNaCHOviDaL:
(06:14 / Allies) KODOS_FORSAKEN: tc is fine
(08:02 / Allies) llllllllllllllD: ill tp
(08:05 / Allies) KODOS_FORSAKEN: for what
(08:08 / Allies) Rus[HACKTEAM]HH: to
(08:08 / Allies) KODOS_FORSAKEN: ..
(08:10 / Allies) Rus[HACKTEAM]HH: bm?
(08:20 / Allies) Rus[HACKTEAM]HH: cancell
(08:22 / Allies) Rus[HACKTEAM]HH: zig
(08:22 / Allies) Rus[HACKTEAM]HH: no
(09:00 / Allies) llllllllllllllD: brt
(09:08 / Allies) Rus[HACKTEAM]HH: honestly
(09:11 / Allies) Rus[HACKTEAM]HH: they dont have much
(09:14 / Allies) Rus[HACKTEAM]HH: we could kill top expo
(09:17 / Allies) llllllllllllllD: yeah they're waiting on wyrms
(09:18 / Allies) KODOS_FORSAKEN: k
(09:22 / Allies) KODOS_FORSAKEN: they stall for wyrms
(09:32 / All) llllllllllllllD: dirty latino expoing
(09:37 / Allies) KODOS_FORSAKEN: tower imba
(09:38 / Allies) KODOS_FORSAKEN: yes
(09:39 / Allies) KODOS_FORSAKEN: for sure
(09:41 / Allies) KODOS_FORSAKEN: 2 beast
(09:42 / Allies) beginning: no cash
(10:06 / Allies) Rus[HACKTEAM]HH: look
(10:09 / Allies) KODOS_FORSAKEN: share
(10:09 / Allies) KODOS_FORSAKEN: plz
(10:11 / Allies) Rus[HACKTEAM]HH: or help me
(10:13 / Allies) Rus[HACKTEAM]HH: dont dick around
(10:20 / Allies) llllllllllllllD: hax
(10:20 / Allies) KODOS_FORSAKEN: hare h ax
(10:21 / Allies) llllllllllllllD: err
(10:22 / Allies) llllllllllllllD: imba
(10:22 / Allies) llllllllllllllD: go
(10:40 / Allies) KODOS_FORSAKEN: wood plz
(10:43 / Allies) llllllllllllllD: dk
(10:44 / Allies) llllllllllllllD: has no tp
(11:22 / Allies) llllllllllllllD: im b
(11:36 / Allies) beginning: delayed wyrms
(11:43 / Allies) beginning: well for one of them
(11:59 / Allies) KODOS_FORSAKEN: wood kz
(12:32 / Allies) beginning: gold?
(12:37 / Allies) llllllllllllllD: woah nigger trying to take our expo
(12:54 / Allies) llllllllllllllD: secure needed
(13:03 / Allies) KODOS_FORSAKEN: we need a lo of bats soon
(13:05 / Allies) KODOS_FORSAKEN: 1111
(13:56 / Allies) KODOS_FORSAKEN: all go
(14:16 / Allies) beginning: lumber?
(14:51 / Allies) llllllllllllllD: what about that
(14:55 / Allies) KODOS_FORSAKEN: ill check
(15:04 / Allies) KODOS_FORSAKEN: he goes casters too
(15:10 / Allies) beginning: guys i need lumber
(15:12 / Allies) beginning: just got a shredder
(15:13 / Allies) llllllllllllllD: so do i
(15:14 / Allies) llllllllllllllD: -_-
(15:43 / Allies) Rus[HACKTEAM]HH: imba
(15:43 / Allies) KODOS_FORSAKEN: b
(15:45 / Allies) Rus[HACKTEAM]HH: watch out
(15:59 / Allies) llllllllllllllD: dammit
(16:06 / Allies) KODOS_FORSAKEN: i got
(16:36 / Allies) KODOS_FORSAKEN: wood?
(16:51 / Allies) Rus[HACKTEAM]HH: BAT THE BATS
(17:17 / Allies) llllllllllllllD: ?
(17:20 / Allies) Rus[HACKTEAM]HH: guys
(17:21 / Allies) beginning: sure
(17:25 / Allies) KODOS_FORSAKEN: 1 help
(17:30 / Allies) llllllllllllllD: u
(17:31 / Allies) KODOS_FORSAKEN: 1 go
(17:34 / Allies) KODOS_FORSAKEN: 1 more
(17:42 / Allies) KODOS_FORSAKEN: COMKE
(18:37 / Allies) KODOS_FORSAKEN: get gryps
(18:38 / Allies) KODOS_FORSAKEN: hawks suck
(18:55 / Allies) llllllllllllllD: ruh roh
(19:21 / Allies) beginning: orange
(19:34 / Allies) llllllllllllllD: kodos go?
(19:38 / Allies) llllllllllllllD: ill give tp
(19:39 / Allies) Rus[HACKTEAM]HH: bats needed
(19:42 / Allies) beginning: batting
(20:11 / Allies) Rus[HACKTEAM]HH: thx
(20:11 / Allies) llllllllllllllD: fucking pussies
(20:11 / Allies) beginning: wanna hit?
(20:16 / Allies) llllllllllllllD: bats coming there
(20:23 / Allies) llllllllllllllD: or to me
(20:24 / Allies) llllllllllllllD: tt
(20:41 / Allies) KODOS_FORSAKEN: hit all
(20:44 / Allies) llllllllllllllD: ok
(21:25 / Allies) KODOS_FORSAKEN: hall
(21:55 / Allies) beginning: i don't wanna lose my main
(22:02 / Allies) KODOS_FORSAKEN: repair
(22:41 / Allies) KODOS_FORSAKEN: im dead
(22:42 / Allies) llllllllllllllD: yes i see that lol
(22:45 / Allies) KODOS_FORSAKEN: acos
(22:46 / Allies) llllllllllllllD: it sucks
(23:01 / Allies) Rus[HACKTEAM]HH: tping killing him
(23:03 / Allies) KODOS_FORSAKEN: come
(23:05 / Allies) beginning: k
(23:11 / Allies) KODOS_FORSAKEN: dont go now
(23:14 / Allies) KODOS_FORSAKEN: we need to meet
(23:22 / Allies) KODOS_FORSAKEN: wait for hax
(23:41 / Allies) KODOS_FORSAKEN: all come
(23:46 / Allies) KODOS_FORSAKEN: get red
(23:52 / Allies) KODOS_FORSAKEN: all meet
(23:53 / Allies) beginning: wyrm
(23:54 / Allies) KODOS_FORSAKEN: middle expo
(24:20 / Allies) llllllllllllllD: my halls dead
(24:34 / Allies) KODOS_FORSAKEN: ed
(24:37 / Allies) Rus[HACKTEAM]HH: KILL UD
(24:44 / Allies) llllllllllllllD: just pinging he's expoing
(24:51 / Allies) KODOS_FORSAKEN: here we go
(26:25 / Allies) KODOS_FORSAKEN: ncie
(26:26 / Allies) KODOS_FORSAKEN: expo guys
(26:27 / Allies) KODOS_FORSAKEN: if u can
(26:32 / Allies) KODOS_FORSAKEN: send 2 ghouls
(26:32 / Allies) Rus[HACKTEAM]HH: tt
(26:33 / Allies) KODOS_FORSAKEN: or something
(26:40 / Allies) llllllllllllllD: do not exist
(26:43 / Allies) Rus[HACKTEAM]HH: repair
(26:52 / Allies) KODOS_FORSAKEN: get some morts
(26:54 / Allies) KODOS_FORSAKEN: if you can
(27:00 / Allies) KODOS_FORSAKEN: or radiers
(27:01 / Allies) Rus[HACKTEAM]HH: only 5 peasants
(27:02 / Allies) llllllllllllllD: so now what
(27:08 / Allies) KODOS_FORSAKEN: scout exios
(27:11 / Allies) Rus[HACKTEAM]HH: killing dat
(27:19 / Allies) KODOS_FORSAKEN: you guys hit
(27:20 / Allies) KODOS_FORSAKEN: ill expo rape
(27:21 / Allies) beginning: i'll tp to the tanks
(27:42 / Allies) KODOS_FORSAKEN: i got
(28:50 / Allies) KODOS_FORSAKEN: all meet
(28:52 / Allies) KODOS_FORSAKEN: hit pink
(28:55 / Allies) llllllllllllllD: ok
(29:05 / Allies) beginning: i'll send my shredder
(29:10 / Allies) Rus[HACKTEAM]HH: k
(29:16 / Allies) beginning: hitting mana fountain
(29:21 / Allies) llllllllllllllD: im gonna try to take their side stuff
(29:30 / Allies) KODOS_FORSAKEN: kill
(29:31 / Allies) KODOS_FORSAKEN: then go
(29:36 / Allies) llllllllllllllD: dude it's got
(29:37 / Allies) llllllllllllllD: masonry
(29:41 / Allies) llllllllllllllD: this is gonna take forever
(29:44 / Allies) KODOS_FORSAKEN: expo imba
(30:04 / Allies) KODOS_FORSAKEN: we got better heros
(30:20 / Allies) Rus[HACKTEAM]HH: bats will rape me
(30:28 / Allies) KODOS_FORSAKEN: spam wave
(30:46 / Allies) Rus[HACKTEAM]HH: hawk go
(30:56 / All) Virus_Fox.: GG
(31:00 / All) KODOS_FORSAKEN: niggers
(31:01 / All) Rus[HACKTEAM]HH: leave spic
(31:02 / All) llllllllllllllD: yeah fuck you spics
(31:03 / All) beginning: gg
(31:04 / All) RoCcoNaCHOviDaL: gg
(31:06 / All) RoCcoNaCHOviDaL: mas air
(31:09 / All) llllllllllllllD: waah
(31:10 / All) Rus[HACKTEAM]HH: LOL
(31:10 / All) KODOS_FORSAKEN: YA YOU